 Dungeon Crawl Stone Soup version 0.25.1-2-g60ff931df9 (webtiles) character file.

Game seed: 6168433660477434706

249 raphialitos the Magician (level 5, 0/28 HPs)
             Began as a Deep Elf Wizard on Oct 10, 2020.
             Was an Initiate of Vehumet.
             Succumbed to a worker ant's poison
             ... on level 4 of the Dungeon on Oct 11, 2020.
             The game lasted 00:19:41 (5640 turns).

raphialitos the Magician (Deep Elf Wizard)          Turns: 5640, Time: 00:19:42

Health: 0/28       AC:  2    Str:  4    XL:     5   Next: 87%
Magic:  11/16      EV: 13    Int: 24    God:    Vehumet [......]
Gold:   177        SH:  0    Dex: 13    Spells: 4/17 levels left

rFire    . . .     SeeInvis .   l - +0 short sword
rCold    . . .     Gourm    .   (no shield)
rNeg     . . .     Faith    .   a - +0 robe
rPois    .         Spirit   .   b - +0 hat
rElec    .         Reflect  .   p - scarf {repulsion}
rCorr    .         Harm     .   (no gloves)
MR       .....                  (no boots)
Stlth    ++........             (no amulet)
HPRegen  0.09/turn              (no ring)
MPRegen  0.15/turn              (no ring)

@: lethally poisoned (0 -> -14), repel missiles
A: no striking features
a: Renounce Religion


You were on level 4 of the Dungeon.
You worshipped Vehumet.
Vehumet was noncommittal.
You were hungry.

You visited 2 branches of the dungeon, and saw 5 of its levels.

You collected 177 gold pieces.

Inventory:

Hand Weapons
 l - a +0 short sword (weapon)
Missiles
 c - 55 bolts
 h - 14 poisoned darts
 j - 28 sling bullets
 k - 2 throwing nets
 m - 9 javelins (quivered)
 o - 9 arrows
Armour
 a - a +0 robe (worn)
 b - a +0 hat (worn)
 p - a scarf of repulsion (worn)
Scrolls
 f - 3 scrolls of amnesia
 q - 5 scrolls of teleportation
 r - 2 scrolls of identify
 s - a scroll of remove curse
 t - a scroll of immolation {unknown}
Potions
 e - 2 potions of ambrosia
 g - 3 potions of curing {unknown}
 i - a potion of berserk rage {unknown}
 n - a potion of cancellation {unknown}
Comestibles
 d - 3 rations


   Skills:
 + Level 0.3 Fighting
 + Level 1.0 Short Blades
 + Level 3.5 Dodging
 + Level 3.8 Stealth
 + Level 6.6 Spellcasting
 + Level 1.6 Conjurations
 + Level 2.7 Summonings
 + Level 1.2 Translocations


You had 4 spell levels left.
You knew the following spells:

 Your Spells              Type           Power        Failure   Level  Hunger
a - Magic Dart            Conj           ###.         3%          1    None
b - Blink                 Tloc           N/A          7%          2    None
c - Call Imp              Summ           ###.....     3%          2    None
d - Slow                  Hex            #.......     12%         2    None
e - Conjure Flame         Conj/Fire      ##......     16%         3    None
f - Mephitic Cloud        Conj/Pois/Air  ##......     19%         3    None

Your spell library contained the following spells:

 Spells                   Type           Power        Failure   Level  Hunger


Dungeon Overview and Level Annotations

Branches:
Dungeon (4/15)             Temple (1/1) D:4

Altars:
Ashenzari
Cheibriados
Fedhas
Gozag
Hepliaklqana
Kikubaaqudgha
Makhleb
Nemelex Xobeh
Okawaru
Qazlal
Trog
Vehumet
Wu Jian
Xom
Zin
The Shining One


Message History

The worker ant bites you.
You are poisoned.
The worker ant poisons you!
Unknown command.
You feel sick.
You feel sick. The worker ant bites you.
* * * LOW HITPOINT WARNING * * *
You are more poisoned.
The worker ant poisons you!
* * * LOW HITPOINT WARNING * * *
You feel sick.
There is an open door here.
* * * LOW HITPOINT WARNING * * *
You feel sick.
* * * LOW HITPOINT WARNING * * *
You feel sick.
Casting: Call Imp (safe; 3% risk of failure)
Confirm with . or Enter, or press ? or * to list all spells.
You blink.
You die...

..........# ######### #.
#########.# #.......# #.
.......<#.######.......#########.
...............+.....§aZ.....)...
#.#.#.#.#.######.......##.######.
......#.#.# #.......##.# .##.
#.#.#.#.#.######.......##.#...##.
#.#.#.#.#.##...........##.#...##.
#.#...#.#.##....@......##.#...##)
#.#####.#.##......#..####.#...##+
#.#.....#.##......#...###.#......
#.#.#####.......#.#.#............
#.#.# #####....###......##.....
#.#.# ######..#...#...#...##.....
#.#.# #........#.....#...........
..#.###.....#####.>.#####...####.
...............#.....#......# ##


You could see a worker ant and a centaur zombie.

Vanquished Creatures
  A hound zombie (D:4)
  A worker ant zombie (D:4)
  An adder (D:3)
  An ooze (D:2)
  2 leopard geckos
  An orc (D:3)
  7 bats
  4 giant cockroaches
  A goblin (D:1)
  A hobgoblin (D:3)
  8 kobolds
  3 quokkas
  4 frilled lizards
  9 rats
44 creatures vanquished.

Vanquished Creatures (collateral kills)
  A bullfrog zombie (D:4)
  A centaur zombie (D:4)
  A centaur skeleton (D:4)
  A bullfrog skeleton (D:4)
  An orc wizard (D:3)
  A hound zombie (D:4)
  2 worker ant zombies (D:4)
  4 adders
  An adder skeleton (D:4)
  2 adder zombies (D:4)
  5 worms
  A leopard gecko (D:2)
  7 orcs
  A ball python (D:4)
  3 bats
  A giant cockroach (D:4)
  A goblin (D:3)
  2 hobgoblins (D:3)
  3 jackals (D:2)
  A frilled lizard (D:3)
  A jackal skeleton (D:4)
  2 kobolds
  A quokka zombie (D:4)
  3 rats (D:2)
47 creatures vanquished.

Grand Total: 91 creatures vanquished

Notes
Turn   | Place    | Note
-------+----------+-------------------------------------------
     0 | D:1      | raphialitos the Deep Elf Wizard began the quest for the
                  | Orb.
     0 | D:1      | Reached XP level 1. HP: 10/10 MP: 7/7
   402 | D:1      | Reached skill level 5 in Spellcasting
   402 | D:1      | Reached XP level 2. HP: 15/15 MP: 6/10
   406 | D:1      | Learned a level 2 spell: Blink
   409 | D:1      | Learned a level 2 spell: Call Imp
   412 | D:1      | Learned a level 2 spell: Slow
  1140 | D:2      | Reached XP level 3. HP: 6/19 MP: 4/11
  2908 | D:3      | Reached XP level 4. HP: 23/24 MP: 9/13
  3688 | D:3      | Reached skill level 6 in Spellcasting
  4187 | D:4      | Reached XP level 5. HP: 15/28 MP: 6/15
  4550 | D:4      | Learned a level 3 spell: Conjure Flame
  4554 | D:4      | Learned a level 3 spell: Mephitic Cloud
  4712 | D:4      | HP: 1/28 [worker ant zombie (3)]
  5056 | D:4      | Found a staircase to the Ecumenical Temple.
  5123 | D:4      | Reached skill level 1 in Short Blades
  5139 | Temple   | Entered the Ecumenical Temple
  5260 | Temple   | Became a worshipper of Vehumet
  5639 | D:4      | HP: 1/28 [poisoned by a worker ant]
  5640 | D:4      | Succumbed to a worker ant's poison

Illustrated notes

Levels and vault maps discovered:
D:1:      dpeg_arrival_radiant, layout_basic
D:2:      layout_loops_ring
D:3:      layout_basic
D:4:      layout_basic, marbit_many_paths, minmay_temple_entry_arrows,
          serial_undead, serial_undead_e, serial_undead_a, serial_undead_c,
          serial_undead_d, serial_undead_c, serial_undead_b, serial_undead_f,
          serial_undead_a
Temple:   kb_temple_of_zot

Skill      XL: |  1  2  3  4  5 |
---------------+----------------+-----
Spellcasting   | 5 6 |  6.6
Stealth        | 3 |  3.8
Dodging        | 3 |  3.5
Summonings     | 2 |  2.7
Short Blades   | 1 |  1.0
Fighting       | |  0.3
Conjurations   | |  1.6
Translocations | |  1.2

Action                   |  1- 3 |  4- 6 || total
-------------------------+-------+-------++-------
Melee: Dagger            |    17 |       ||    17
       Short sword       |     5 |    19 ||    24
 Cast: Magic Dart        |    77 |    45 ||   122
       Call Imp          |    32 |    67 ||    99
       Slow              |     2 |     1 ||     3
       Blink             |       |     3 ||     3
  Use: Scroll            |     5 |       ||     5
 Stab: Sleeping          |     3 |     1 ||     4
  Eat: Chunk             |     6 |     4 ||    10
       Ration            |       |     1 ||     1
Armor: Robe              |    17 |     9 ||    26
Dodge: Dodged            |    60 |    53 ||   113
       Repelled          |     2 |     1 ||     3
